 Dungeon Crawl Stone Soup version 0.30-a0-341-g682706514a (webtiles) character file.

Game seed: 6524094674174414875

3329 retardedninja the Cleaver (level 10, -8/100 (136) HPs)
             Began as a Hill Orc Fighter on Nov 4, 2022.
             Was an Initiate of Gozag.
             Mangled by a gnoll
             ... wielding a +2 halberd of electrocution
              (15 damage)
             ... in a bailey.
             The game lasted 00:09:25 (7194 turns).

retardedninja the Cleaver (Hill Orc Fighter)        Turns: 7194, Time: 00:09:26

HP:   -8/100 (136)  AC: 25    Str: 30    XL:     10   Next: 2%
MP:   10/10         EV:  2    Int:  8    God:    Gozag
Gold: 713           SH:  0    Dex: 10    Spells: 9/9 levels left

rFire   . . .      SeeInvis .    G - +0 broad axe
rCold   . . .      Faith    .    (no shield)
rNeg    . . .      Spirit   .    (body armour currently unavailable)
rPois   +          Reflect  .    (helmet currently unavailable)
rElec   .          Harm     .    (cloak currently unavailable)
rCorr   .          Rampage  .    (gloves currently unavailable)
Will    .....      NoTele   +    (boots currently unavailable)
Stlth   +.........               g - amulet of regeneration
HPRegen 1.16/turn                j - +6 ring of strength
MPRegen 0.12/turn                (no ring)

@: tree-form, very heavily drained
A: stationary, stasis, torment immunity, boosted hp
a: Renounce Religion, Potion Petition, Call Merchant, Bribe Branch


You were in a bailey.
You worshipped Gozag.
Gozag was pleased with you.
You were a tree.
You visited 2 branches of the dungeon, and saw 9 of its levels.
You also visited: Bailey.

You collected 892 gold pieces.
You spent 105 gold pieces at shops.
You paid 74 gold pieces to Gozag.

Inventory:

Hand Weapons
 G - a +0 broad axe (weapon)
Missiles
 y - 2 throwing nets (quivered)
Armour
 b - a +0 scale mail (melded)
 i - a +2 pair of boots (melded)
 o - a +0 pair of gloves (melded)
Jewellery
 g - an amulet of regeneration (around neck)
 j - a +6 ring of strength (left branch)
 A - a ring of see invisible
Wands
 d - a wand of paralysis (13)
 r - a wand of digging (4)
 w - a wand of flame (30)
Scrolls
 a - 2 scrolls of enchant weapon {unknown}
 c - a scroll of poison {unknown}
 h - 4 scrolls of teleportation
 l - 2 scrolls of immolation {unknown}
 m - a scroll of blinking {unknown}
 n - 2 scrolls of amnesia {unknown}
 p - 6 scrolls of enchant armour
 q - 3 scrolls of vulnerability
 s - a scroll of noise {unknown}
 u - a scroll of fear {unknown}
 C - 2 scrolls of silence {unknown}
 D - a scroll of summoning {unknown}
 E - 4 scrolls of butterflies {unknown}
Potions
 e - 2 potions of haste
 f - 2 potions of brilliance
 k - a potion of cancellation {unknown}
 t - 3 potions of magic
 v - 3 potions of curing
 x - a potion of lignification
 z - a potion of flight
 B - 2 potions of invisibility
 F - a potion of degeneration


   Skills:
 + Level 9.0 Fighting
 + Level 9.4 Axes
 + Level 8.3 Armour
 + Level 8.3 Shields


You had 9 spell levels left.
You didn't know any spells.
Your spell library contained the following spells:

 Spells                   Type           Power      Damage    Failure   Level
 Beastly Appendage        Tmut           0%         N/A       41%         1
 Cigotuvi's Dreadful Rot  Necr/Pois/Air  0%         N/A       54%         2
 Poisonous Vapours        Pois/Air       0%         N/A       54%         2
 Wereblood                Tmut           0%         N/A       54%         2
 Frozen Ramparts          Ice            0%         1d1       78%         3
 Ignite Poison            Fire/Tmut/Pois 0%         N/A       78%         3
 Kindle Blastsparks       Fire/Tloc/Air  0%         2d10      78%         3
 Mephitic Cloud           Conj/Pois/Air  0%         N/A       78%         3
 Spider Form              Tmut/Pois      0%         N/A       78%         3
 Summon Guardian Golem    Hex/Summ       0%         N/A       78%         3
 Fulminant Prism          Conj/Hex       0%         3d5       99%         4
 Ice Form                 Ice/Tmut       0%         N/A       99%         4
 Iskenderun's Mystic Bla  Conj/Tloc      0%         2d3       99%         4
 Passage of Golubria      Tloc           0%         N/A       99%         4
 Sticky Flame             Conj/Fire      0%         2d3       99%         4
 Summon Ice Beast         Ice/Summ       0%         N/A       99%         4
 Freezing Cloud           Conj/Ice/Air   0%         6-21      100%        5
 Lee's Rapid Deconstruct  Erth           0%         3d4*      100%        5
 Silence                  Hex/Air        0%         N/A       100%        5
 Orb of Destruction       Conj           0%         9d5       100%        7
 Spellforged Servitor     Conj/Summ      0%         N/A       100%        7
 Ignition                 Fire           0%         3d3       100%        8
 Lehudib's Crystal Spear  Conj/Erth      0%         10d2      100%        8
 Polar Vortex             Ice            0%         N/A       100%        9
 Simulacrum               Ice/Necr       Unusable   N/A       N/A         6

Dungeon Overview and Level Annotations

Branches:
Dungeon (8/15)             Temple (1/1) D:5          Bailey (1/1)
   Lair: D:8-11

Altars:
Dithmenos
Gozag
Okawaru
Vehumet
Zin
The Shining One

Shops:
D:6 *

Annotations:
D:4 1 runed translucent door, Crazy Yiuf


Message History

The orc warrior is heavily wounded.
The orc warrior misses you.
The gnoll hits you from afar with a +0 halberd of electrocution.
The gnoll barely misses you.
Unknown command.
You barely miss the orc warrior.
The orc warrior is heavily wounded.
The orc warrior closely misses you. The gnoll closely misses you.
The gnoll hits you from afar with a +2 halberd of electrocution.
Unknown command.
You slash the orc warrior!
The orc warrior is almost dead.
The orc warrior hits you with a +0 halberd of electrocution.
You are electrocuted!
The gnoll hits you but does no damage.
You are electrocuted!
* * * LOW HITPOINT WARNING * * *
The gnoll hits you from afar with a +2 halberd of electrocution.
* * * LOW HITPOINT WARNING * * *
You are electrocuted!
* * * LOW HITPOINT WARNING * * *
You are too injured to fight recklessly!
Unknown command.
You feel better.
The orc warrior hits you but does no damage.
The gnoll hits you from afar with a +0 halberd of electrocution.
* * * LOW HITPOINT WARNING * * *
The gnoll closely misses you.
Really quaff the potion of lignification?
You turn into a tree.
Your +0 pair of gloves melds into your body.
Your +2 pair of boots melds into your body.
Your +0 scale mail melds into your body.
Your roots penetrate the ground.
The orc warrior hits you but does no damage.
The gnoll hits you but does no damage.
The gnoll hits you from afar with a +2 halberd of electrocution!
* * * LOW HITPOINT WARNING * * *
You are electrocuted!
You die...
Your body crumbles into a pile of gold.

### ### ##### ###
#'# #.#.###.###)#
+##+##+###'##'##'##
#!.!.! ##....)##
#.!.!. ###....)###
+!.⌠.! #.'..⌠..'.#
#.!.gg ###.....###
#!.!.o## ##.....#
#♣###'##'##+
##.'.###.# #####
###


You could see an orc warrior and 2 gnolls.

Vanquished Creatures
  Pikel (D:7)
  A kobold demonologist (D:6)
  A wyvern (D:7)
  Edmund (D:6)
  An orc warrior (D:7)
  A water moccasin (D:6)
  An ice beast (D:7)
  A sky beast (D:8)
  3 lemures (D:7)
  2 phantoms (D:5)
  2 bullfrogs
  2 necrophages
  4 scorpions
  7 wights (D:8)
  6 hounds
  A jelly (D:6)
  2 orc priests
  8 orc wizards
  6 iguanas
  17 gnolls
  6 adders
  A shadow imp (D:7)
  An ufetubus (D:5)
  A dart slug (D:3)
  36 orcs
  3 ball pythons
  5 bats
  5 endoplasms
  4 giant cockroaches
  8 goblins
  3 hobgoblins
  A quokka (D:4)
  A frilled lizard (D:1)
  10 kobolds
  4 rats
157 creatures vanquished.

Notes
Turn   | Place    | Note
-------+----------+-------------------------------------------
     0 | D:1      | retardedninja the Hill Orc Fighter began the quest for the
                  | Orb.
     0 | D:1      | Reached XP level 1. HP: 19/19 MP: 1/1
   136 | D:1      | Reached XP level 2. HP: 27/27 MP: 2/2
   610 | D:2      | Reached XP level 3. HP: 31/33 MP: 3/3
  1225 | D:3      | Reached XP level 4. HP: 12/41 MP: 4/4
  2150 | D:4      | Reached XP level 5. HP: 42/47 MP: 5/5
  2324 | D:4      | Reached skill level 5 in Fighting
  2324 | D:4      | Reached XP level 6. HP: 56/56 MP: 6/6
  2332 | D:4      | Found a runed translucent door.
  2333 | D:4      | Noticed Crazy Yiuf
  2818 | D:4      | Reached skill level 5 in Axes
  3023 | D:5      | Entered Level 5 of the Dungeon
  3106 | D:5      | Reached skill level 5 in Armour
  3106 | D:5      | Reached skill level 5 in Shields
  3107 | D:5      | Reached XP level 7. HP: 57/61 MP: 7/7
  3785 | D:5      | Found a staircase to the Ecumenical Temple.
  3790 | Temple   | Entered the Ecumenical Temple
  3803 | Temple   | Became a worshipper of Gozag Ym Sagoz the Greedy
  3846 | D:6      | Noticed Edmund
  3862 | D:6      | Killed Edmund
  3863 | D:6      | Reached XP level 8. HP: 51/71 MP: 8/8
  4096 | D:6      | Noticed a kobold demonologist
  4109 | D:6      | Noticed a red devil
  4111 | D:6      | Noticed a soul eater
  4114 | D:6      | Killed a kobold demonologist
  4519 | D:6      | Found Jaschunn's General Store.
  4529 | D:6      | Bought a scroll of enchant armour for 105 gold pieces
  5022 | D:7      | Noticed a wyvern
  5030 | D:7      | Reached XP level 9. HP: 45/79 MP: 9/9
  5506 | D:7      | Noticed Pikel
  5530 | D:7      | Killed Pikel
  6555 | D:8      | Found a flagged portal.
  6568 | D:8      | Reached XP level 10. HP: 83/83 MP: 10/10
  6655 | Bailey   | Entered a bailey
  7194 | Bailey   | Mangled by a gnoll

Illustrated notes

Levels and vault maps discovered:
D:1:      dpeg_arrival_stone_temple_mockup, layout_basic, amethyst_killhole
D:2:      layout_loops_cross
D:3:      layout_basic, minmay_misc_feat_pillars, minmay_splitting_lines
D:4:      layout_loops_ring, uniq_crazy_yiuf_cottage
D:5:      layout_gridville, temple_doors_ab, serial_co_window_serial,
          co_window_paths_a, co_window_paths_b, co_window_paths_a,
          co_window_cross_1, co_window_paths_b, co_window_cross_1,
          co_window_corner_a, co_window_corner_b, co_window_of_opportunity_b,
          co_window_of_opportunity_b, co_window_corner_b, glass_columns_a,
          glass_columns_b, glass_columns_c, glass_columns_a, glass_columns_b
D:6:      layout_basic, serial_shops, nicolae_shop_hallway_stairs,
          minmay_three_doors, uniq_edmund
D:7:      layout_cave_pods, lightli_minifort, uniq_pikel
D:8:      layout_gridville, serial_shops, shop, lightli_bailey_entry_fortress
Temple:   mainiacjoe_temple_coin_purse
Bailey:   bailey_polearm_nasty_gnolls, bailey

Skill      XL: |  1  2  3  4  5  6  7  8  9 |
---------------+----------------------------+-----
Axes           | 3 4 5 6 7 9 |  9.4
Fighting       | 4 5 6 7 9 |  9.0
Shields        | 4 5 6 8 |  8.3
Armour         | 4 5 6 8 |  8.3

Action                   |  1- 3 |  4- 6 |  7- 9 | 10-12 || total
-------------------------+-------+-------+-------+-------++-------
Melee: War axe           |   102 |   107 |   135 |       ||   344
       Broad axe         |       |       |   158 |    39 ||   197
       Punch             |       |       |     1 |     1 ||     2
  Use: Potion            |     2 |     3 |     7 |     2 ||    14
       Scroll            |       |       |       |     8 ||     8
 Stab: Distracted        |       |       |     3 |       ||     3
Armor: Scale mail        |    71 |    84 |   197 |    12 ||   364
       Skin              |       |       |       |     2 ||     2
Dodge: Dodged            |    47 |    59 |   184 |    34 ||   324
Block: Buckler           |    27 |     3 |       |       ||    30

Table legend: (Time is in decaauts)
 A = Elapsed time spent in this place.
 B = Non-inter-level travel time spent in this place.
 C = Inter-level travel time spent in this place.
 D = Time resting spent in this place.
 E = Time spent auto-exploring this place.
 F = Levels seen in this place.
 G = Mean time per level.
                   A        B        C        D        E       F      G
               +--------+--------+--------+--------+--------+-----+--------+
         Total |   7339 |   7087 |    252 |   1386 |   4426 |  10 |  733.9 |
       Dungeon |   6772 |   6535 |    237 |   1072 |   4322 |   8 |  846.5 |
        Temple |     22 |      7 |     15 |      0 |      2 |   1 |   22.0 |
        Bailey |    544 |    544 |      0 |    314 |    102 |   1 |  544.0 |
               +--------+--------+--------+--------+--------+-----+--------+

Top non-repeatable levels by time:
     D:6: 1160 daAuts
     D:7: 1055 daAuts
     D:3: 961 daAuts
     D:4: 899 daAuts
     D:5: 819 daAuts
     D:2: 665 daAuts
     D:8: 650 daAuts
     D:1: 559 daAuts
  Bailey: 544 daAuts
  Temple: 22 daAuts
